 Dungeon Crawl Stone Soup version 0.20.1-1-g8b1a95d (webtiles) character file.

343 Golfball the Cudgeler (level 6, 0/37 HPs)
             Began as a Gargoyle Berserker on Nov 6, 2017.
             Was a Believer of Trog.
             Slain by a scorpion (5 damage)
             ... on level 4 of the Dungeon.
             The game lasted 00:09:01 (3688 turns).

Golfball the Cudgeler (Gargoyle Berserker)          Turns: 3688, Time: 00:09:01

Health: 0/37       AC: 12    Str: 23    XL:     6   Next: 57%
Magic:  6/6        EV: 10    Int:  7    God:    Trog [**....]
Gold:   92         SH:  0    Dex:  9    Spells: 5/5 levels left

rFire    . . .     SeeInvis .   l - +4 club
rCold    . . .     Gourm    .   (no shield)
rNeg     + . .     Faith    .   b - +0 scale mail
rPois    ∞         Spirit   .   m - +0 helmet
rElec    +         Reflect  .   (no cloak)
rCorr    .         Harm     .   (no gloves)
MR       .....                  (no boots)
Stlth    ..........             (no amulet)
Regen    0.2/turn               n - -3 ring of slaying (curse)
MPRegen  0.1/turn               (no ring)

@: berserk cooldown, starving, slowed, very slow
A: negative energy resistance 1, electricity resistance, unbreathing,
petrification resistance, rot immunity, AC +4
a: Berserk, Trog's Hand, Burn Spellbooks, Renounce Religion


You were on level 4 of the Dungeon.
You worshipped Trog.
Trog was pleased with you.
You were starving.

You visited 1 branch of the dungeon, and saw 4 of its levels.

You collected 92 gold pieces.

Inventory:

Hand Weapons
 a - a +0 mace
 l - a +4 club (weapon)
Armour
 b - a +0 scale mail (worn)
 m - a +0 helmet (worn)
Jewellery
 n - a cursed -3 ring of slaying (left hand)
 s - an uncursed amulet of regeneration {unknown}
Scrolls
 g - 2 scrolls of teleportation
 k - 4 scrolls of recharging
 r - a scroll of fear
Potions
 e - 2 potions of haste
 f - 2 potions of flight {unknown}
 i - 2 potions of lignification {unknown}
 j - a potion of cancellation {unknown}
 p - 2 potions of agility
 q - a potion of degeneration {unknown}
Comestibles
 c - 3 bread rations
 h - 3 royal jellies
 o - 3 fruits


   Skills:
 - Level 3.2 Fighting
 + Level 7.2 Maces & Flails
 - Level 2.1 Armour
 - Level 1.5 Dodging


You had 5 spell levels left.
You didn't know any spells.

Dungeon Overview and Level Annotations

Branches:
Dungeon (4/15)
 Temple: D:4-7

Altars:
Hepliaklqana


Innate Abilities, Weirdness & Mutations

You are resistant to torment.
Your stone body is resilient. (AC +4)
You are immune to poison.
You resist negative energy. (rN+)
You are resistant to electric shocks. (rElec)
You can survive without breathing.
You are immune to petrification.
You are immune to rotting.


Message History

You closely miss the scorpion.
The scorpion is moderately wounded.
The scorpion closely misses you.
Your scale mail prevents you from hitting the scorpion.
The scorpion is moderately wounded.
The scorpion stings you.
* * * LOW HITPOINT WARNING * * *
The scorpion closely misses you.
You hit the scorpion but do no damage.
The scorpion is moderately wounded.
The scorpion stings you but does no damage.
You hit the scorpion but do no damage.
The scorpion is moderately wounded.
The scorpion misses you.
You hit the scorpion.
The scorpion is heavily wounded.
The scorpion stings you.
* * * LOW HITPOINT WARNING * * *
The scorpion stings you.
You die...

,,,* *,,,,,* *,,,,,,,,,,,****
,*,** *,,...* ******,,,,,,,,,**
,*,,***,,...########*,,,,,,,,,,##
***,,,,,,........).#*,,,,,,,,,,#.
*,**,,*,,..........#*,.........#.
,,,**,,,,..........#*.........(#.
,,,,**,,,..........##.......<..#.
,,,,,**,,.##....)..##..........#.
,_,,,,***.......@..##..........#.
,,,,,**,,.#....s...##..........#.
,,,,+*,,**##........#..........#.
,,,**,,** #........#.........##.
*,**,,** #........#*##...<.....
***,,** ########.# ####.#####
,*,,** #.# #.### ,*,** #.# #...#
,,,* #.# #####.#


You could see a scorpion.

Vanquished Creatures
  Eustachio (D:4)
  An orc priest (D:3)
  A hound skeleton (D:4)
  Robin (D:2)
  4 gnolls (D:3)
  2 adders
  A worm (D:2)
  3 dart slugs (D:1)
  4 leopard geckos
  2 orcs (D:3)
  3 ball pythons
  2 bats
  A giant cockroach (D:3)
  7 hobgoblins
  3 jackals (D:1)
  A quokka (D:2)
  5 frilled lizards
  18 goblins
  11 kobolds
  9 rats
80 creatures vanquished.

Notes
Turn   | Place    | Note
-------+----------+-------------------------------------------
     0 | D:1      | Golfball the Gargoyle Berserker began the quest for the Orb.
     0 | D:1      | Reached XP level 1. HP: 14/14 MP: 1/1
   238 | D:1      | Reached XP level 2. HP: 19/19 MP: 2/2
   489 | D:1      | Reached skill level 4 in Maces & Flails
   591 | D:1      | Reached XP level 3. HP: 19/23 MP: 3/3
  1091 | D:2      | Reached ** piety under Trog
  1203 | D:2      | Found a hazy altar of Hepliaklqana.
  1205 | D:2      | Noticed Robin
  1658 | D:1      | Reached XP level 4. HP: 27/28 MP: 4/4
  1683 | D:2      | Killed Robin
  1861 | D:2      | Reached skill level 5 in Maces & Flails
  2759 | D:3      | Reached XP level 5. HP: 17/32 MP: 5/5
  3134 | D:3      | Reached skill level 6 in Maces & Flails
  3135 | D:3      | HP: 2/48 [gnoll/club (5)]
  3650 | D:4      | Noticed Eustachio
  3675 | D:4      | Killed Eustachio
  3675 | D:4      | Reached skill level 7 in Maces & Flails
  3675 | D:4      | Reached XP level 6. HP: 20/37 MP: 6/6
  3688 | D:4      | Slain by a scorpion

Skill      XL: |  1  2  3  4  5 |
---------------+----------------+-----
Maces & Flails | 4 5 7 |  7.2
Fighting       | |  3.2
Armour         | |  2.1
Dodging        | |  1.5

Action                   |  1- 3 |  4- 6 || total
-------------------------+-------+-------++-------
Melee: Mace              |   126 |    11 ||   137
       Club              |       |   182 ||   182
Invok: Berserk           |       |     3 ||     3
       Trog's Hand       |       |     2 ||     2
  Use: Scroll            |       |     7 ||     7
  Eat: Chunk             |     2 |     8 ||    10
Armor: Animal skin       |     7 |       ||     7
       Leather armour    |    45 |       ||    45
       Scale mail        |     5 |   112 ||   117
Dodge: Dodged            |   106 |   105 ||   211
